 Dungeon Crawl Stone Soup version 0.30.0-5-g1a98f26d00 (webtiles) character file.

Game seed: 8622332002311012235

17647 fozzywoppz the Basher (level 12, -4/77 HPs)
             Began as a Gargoyle Fighter on May 8, 2023.
             Was a High Priest of Okawaru.
             Slain by a manticore (7 damage)
             ... on level 12 of the Dungeon on May 9, 2023.
             The game lasted 00:30:51 (11507 turns).

fozzywoppz the Basher (Gargoyle Fighter)           Turns: 11507, Time: 00:30:51

Health: -4/77      AC: 24    Str: 23    XL:     12   Next: 50%
Magic:  19/19      EV: 10    Int:  9    God:    Okawaru [*****.]
Gold:   693        SH:  5    Dex: 11    Spells: 11/11 levels left

rFire   . . .        E - +1 eveningstar (holy)
rCold   . . .        c - +0 buckler
rNeg    + . .        p - quicksilver dragon scales
rPois   ∞            (no helmet)
rElec   +            m - +0 cloak
rCorr   .            (no gloves)
SInv    .            k - +2 pair of boots
Will    +....        e - amulet of the acrobat
Stlth   ++           (no ring)
HPRegen 0.32/turn    (no ring)
MPRegen 0.16/turn

%: acrobat
@: about to teleport, hasted, studying Stealth, very quick
A: sickness immunity, AC +8, negative energy resistance 1, electricity
resistance, torment resistance 1, petrification resistance
a: Renounce Religion, Heroism, Finesse, Duel


You were on level 12 of the Dungeon.
You worshipped Okawaru.
Okawaru was extremely pleased with you.
You visited 2 branches of the dungeon, and saw 13 of its levels.

You collected 693 gold pieces.

Inventory:

Hand Weapons
 g - a +1 spectral morningstar
 E - a +1 eveningstar of holy wrath (weapon)
Missiles
 l - 4 javelins (quivered)
 v - 11 boomerangs
Armour
 c - a +0 buckler (worn)
 f - a scarf of harm
 k - a +2 pair of boots (worn)
 m - a +0 cloak (worn)
 p - quicksilver dragon scales (worn)
 F - the +3 scale mail of Light {SInv}
   (Okawaru gifted it to you on level 11 of the Dungeon)

   SInv:      It lets you see invisible.
Jewellery
 e - an amulet of the acrobat (around neck)
 o - the ring of the Holding Gods {Ice *Corrode +Blink Str+2 SInv}
   (You found it on level 3 of the Dungeon)

   [ring of ice]

   It enhances your ice magic.
   Str:       It affects your strength (+2).
   rF:        It makes you vulnerable to fire.
   rC:        It protects you from cold.
   SInv:      It lets you see invisible.
   +Blink:    It lets you blink.
   *Corrode:  It may corrode you when you take damage.
Wands
 s - a wand of polymorph (10)
 u - a wand of paralysis (7)
 w - a wand of digging (11)
 D - a wand of flame (12)
Scrolls
 b - 3 scrolls of teleportation
 i - a scroll of immolation
 j - 2 scrolls of summoning
 n - a scroll of noise
 q - a scroll of enchant armour
 r - a scroll of poison {unknown}
 t - a scroll of silence
 y - 4 scrolls of identify
Potions
 a - 2 potions of attraction
 d - 3 potions of might
 h - 3 potions of lignification
 x - a potion of flight
 A - 2 potions of cancellation {unknown}
 B - a potion of curing
 C - a potion of mutation {unknown}


   Skills:
 - Level 10.0 Fighting
 + Level 14.9 Maces & Flails
 - Level 5.0 Armour
 - Level 1.0 Dodging
 - Level 5.0 Stealth
 - Level 5.0 Shields
 + Level 9.8 Invocations


You had 11 spell levels left.
You didn't know any spells.
Your spell library contained the following spells:

 Spells                   Type           Power      Damage    Failure   Level
 Blink                    Tloc           0%         N/A       75%         2
 Lesser Beckoning         Tloc           0%         N/A       75%         2
 Momentum Strike          Conj/Tloc      0%         3d8       75%         2
 Frozen Ramparts          Ice            0%         1d1       92%         3
 Gell's Gravitas          Tloc           0%         N/A       92%         3
 Teleport Other           Tloc           0%         N/A       92%         3
 Volatile Blastmotes      Fire/Tloc      0%         2d10      92%         3
 Fulminant Prism          Conj/Hex       0%         3d5       100%        4
 Ice Form                 Ice/Tmut       0%         N/A       100%        4
 Iskenderun's Mystic Bla  Conj/Tloc      0%         2d3       100%        4
 Manifold Assault         Tloc           0%         N/A       100%        4
 Lee's Rapid Deconstruct  Erth           0%         3d4*      100%        5
 Dispersal                Tloc           0%         N/A       100%        6
 Disjunction              Tloc           0%         N/A       100%        8
 Summon Ice Beast         Ice/Summ       Unusable   N/A       N/A         4

Dungeon Overview and Level Annotations

Branches:
Dungeon (12/15)            Temple (1/1) D:6            Lair (0/5) D:10
    Orc (0/2) D:9

Altars:
Ashenzari
Cheibriados
Dithmenos
Elyvilon
Fedhas
Gozag
Hepliaklqana
Kikubaaqudgha
Makhleb
Nemelex Xobeh
Okawaru
Qazlal
Ru
Sif Muna
Trog
Uskayaw
Vehumet
Wu Jian
Xom
Yredelemnul
Zin
The Shining One

Shops:
D:1 :

Portals:
Abyss: D:4

Annotations:
D:4 2 transporters, pdpol's ghost, amateur MiFi
D:8 1 runed translucent door
D:12 2 transporters, BraveToast's ghost, journeyman FoFi; Maurice


Innate Abilities, Weirdness & Mutations

You are immune to sickness and miasma.
Your stone body is resilient. (AC +8)
You are immune to poison.
You resist negative energy. (rN+)
You are resistant to electric shocks. (rElec)
You are resistant to unholy torment.
You are immune to petrification.


Message History

The helpless gnoll sergeant fails to defend itself.
You hit the gnoll sergeant.
The gnoll sergeant is heavily wounded.
The gnoll is engulfed in calcifying dust.
The helpless gnoll sergeant fails to defend itself.
You sock the gnoll sergeant!
The gnoll sergeant is almost dead.
The helpless gnoll sergeant fails to defend itself.
You bludgeon the gnoll sergeant!!
You kill the gnoll sergeant!
Okawaru accepts your kill.
The boulder beetle is no longer petrified.
The boulder beetle curls into a ball and begins rolling!
Unknown command.
Maurice the Thief comes into view.
He is wielding a +0 dagger and carrying a wand of paralysis (7).
Maurice shouts!
The manticore misses you. You block the manticore's attack.
The manticore closely misses you.
You hit the manticore but do no damage.
The manticore bites you but does no damage.
The manticore claws you but does no damage. x2
You bludgeon the manticore!!
The manticore is heavily wounded.
The boulder beetle curls into a ball and begins rolling!
The catoblepas gores you! The manticore bites you!
You block the manticore's attack. The manticore claws you.
* * * LOW HITPOINT WARNING * * *
Unknown command.
As you read the scroll of teleportation, it crumbles to dust.
You feel strangely unstable. The catoblepas gores you!!
* * * LOW HITPOINT WARNING * * *
The manticore bites you but does no damage.
The manticore completely misses you. The manticore closely misses you.
Unknown command.
Okay, then.
You feel yourself speed up. You block the boulder beetle's attack.
The boulder beetle stops rolling and uncurls.
The catoblepas gores you but does no damage.
The manticore bites you!
You die...

#..........................
#..........................
#..............[...........
#...............##.........
#................##.....○
........#.....gg.#.
............○g.###
.........###°g.#
.........H@Y°°###
..........)B....#
................#
.......)....#...#
............#####
......†.....# ..........###
.......#### .......


You could see a catoblepas, a boulder beetle, a manticore and 4 gnolls.

Vanquished Creatures
  Snorg (D:12)
  2 centaur warriors (D:11)
  A deep elf pyromancer (D:12)
  2 cyclopes (D:11)
  A salamander (shapeshifter) (D:11)
  8 centaur zombies (D:11)
  Joseph (D:9)
  A gargoyle (D:12)
  A freezing wraith (D:11)
  An efreet (D:11)
  2 trolls
  A hornet (D:8)
  A meliai zombie (D:11)
  Sigmund (D:2)
  2 vampires
  A wraith (D:9)
  12 yaks
  Grum (D:8)
  2 wyverns (D:10)
  A basilisk (D:10)
  4 steam dragons
  Edmund (D:5)
  6 orc warriors
  6 water moccasins
  An ice beast (D:6)
  2 ogres (D:5)
  2 centaurs
  4 wolves (D:8)
  A kobold brigand (D:9)
  2 bullfrogs
  3 gnoll sergeants
  3 scorpions
  18 wights
  26 killer bees
  5 howler monkeys
  2 electric eels (D:9)
  5 jellies
  5 hounds
  6 orc priests
  5 iguanas
  Natasha (thrice) (D:3)
  A boggart zombie (D:11)
  14 orc wizards
  A howler monkey zombie (D:11)
  7 gnolls
  13 adders
  2 white imps (D:7)
  An ufetubus (D:5)
  2 worms
  A dart slug (D:2)
  44 orcs
  5 ball pythons
  5 endoplasms
  2 giant cockroaches
  9 goblins
  5 hobgoblins
  12 jackals
  3 quokkas
  7 bats
  2 frilled lizards (D:3)
  8 kobolds
  4 rats
301 creatures vanquished.

Vanquished Creatures (others)
  A kobold (D:9)
  A spectral weapon (D:10)
2 creatures vanquished.

Grand Total: 303 creatures vanquished

Notes
Turn   | Place    | Note
-------+----------+-------------------------------------------
     0 | D:1      | fozzywoppz the Gargoyle Fighter began the quest for the
                  | Orb.
     0 | D:1      | Reached XP level 1. HP: 14/14 MP: 1/1
    74 | D:1      | Reached XP level 2. HP: 19/19 MP: 2/2
   294 | D:1      | Reached XP level 3. HP: 14/23 MP: 3/3
   335 | D:1      | Found a faded altar of an unknown god.
   505 | D:1      | Found Foech's Vocational Training.
   727 | D:2      | Reached XP level 4. HP: 21/28 MP: 4/4
   772 | D:2      | Reached skill level 1 in Dodging
  1022 | D:2      | Noticed Sigmund
  1109 | D:2      | Killed Sigmund
  1110 | D:2      | Reached skill level 3 in Maces & Flails
  1110 | D:2      | Reached XP level 5. HP: 16/34 MP: 5/5
  1110 | D:2      | Reached XP level 6. HP: 19/39 MP: 6/6
  1594 | D:3      | Noticed Natasha
  1602 | D:3      | Killed Natasha
  1617 | D:3      | Noticed Natasha
  1621 | D:3      | Killed Natasha
  1779 | D:3      | Reached skill level 5 in Shields
  1861 | D:3      | Identified the ring of the Holding Gods {Ice *Corrode
                  | +Blink Str+2 SInv}
  1998 | D:3      | Noticed Natasha
  2014 | D:3      | Killed Natasha
  2133 | D:4      | Reached skill level 4 in Maces & Flails
  2184 | D:4      | Reached XP level 7. HP: 44/44 MP: 7/7
  2193 | D:4      | Found a transporter.
  2199 | D:4      | Found a one-way gate to the infinite horrors of the Abyss.
  2199 | D:4      | Noticed pdpol's ghost (amateur MiFi)
  2234 | D:4      | Reached skill level 5 in Fighting
  2234 | D:4      | Reached skill level 5 in Armour
  2265 | D:4      | Found a transporter.
  2539 | D:4      | Reached skill level 1 in Stealth
  2639 | D:5      | Entered Level 5 of the Dungeon
  2974 | D:5      | Identified the +2 rapier "Fotabbepp" {speed, rC+ Int+3}
  3065 | D:5      | Noticed Edmund
  3078 | D:5      | Killed Edmund
  3079 | D:5      | Reached skill level 5 in Maces & Flails
  3235 | D:5      | Reached XP level 8. HP: 20/51 MP: 8/8
  3517 | D:5      | Reached skill level 5 in Stealth
  3847 | D:6      | Found a staircase to the Ecumenical Temple.
  3854 | Temple   | Entered the Ecumenical Temple
  3884 | Temple   | Became a worshipper of Warmaster Okawaru
  4084 | D:6      | Reached skill level 6 in Maces & Flails
  4506 | D:6      | Found a shimmering altar of Xom.
  4854 | D:6      | Reached XP level 9. HP: 56/59 MP: 9/9
  5035 | D:6      | Found a bloodstained altar of Trog.
  5037 | D:6      | Found a burning altar of Makhleb.
  5037 | D:6      | Found a sacrificial altar of Ru.
  5152 | D:7      | Reached skill level 7 in Maces & Flails
  5166 | D:7      | Reached * piety under Okawaru
  5805 | D:7      | Reached skill level 8 in Maces & Flails
  6486 | D:7      | Reached ** piety under Okawaru
  6532 | D:8      | Found a runed translucent door.
  6847 | D:8      | Noticed Grum
  6861 | D:8      | Reached skill level 10 in Fighting
  6861 | D:8      | Reached skill level 9 in Maces & Flails
  6880 | D:8      | Killed Grum
  6881 | D:8      | Reached XP level 10. HP: 27/68 MP: 10/10
  7060 | D:8      | Reached skill level 10 in Maces & Flails
  7230 | D:8      | Reached *** piety under Okawaru
  7350 | D:9      | Noticed Joseph
  7373 | D:9      | Killed Joseph
  7537 | D:9      | Reached skill level 11 in Maces & Flails
  7910 | D:9      | Found a staircase to the Orcish Mines.
  8397 | D:10     | Entered Level 10 of the Dungeon
  8408 | D:10     | Reached **** piety under Okawaru
  8411 | D:10     | Reached skill level 12 in Maces & Flails
  8416 | D:10     | Received a gift from Okawaru
  8505 | D:10     | Reached skill level 1 in Invocations
  8646 | D:10     | Found a staircase to the Lair.
  8652 | D:10     | Reached XP level 11. HP: 49/72 MP: 12/12
  9071 | D:10     | Reached ***** piety under Okawaru
  9072 | D:10     | Reached skill level 13 in Maces & Flails
  9156 | D:10     | Reached skill level 5 in Invocations
  9656 | D:11     | Noticed a cyclops
  9670 | D:11     | Killed a cyclops
  9670 | D:11     | Received a gift from Okawaru
  9739 | D:11     | Noticed a cyclops
  9743 | D:11     | Noticed a centaur warrior
  9756 | D:11     | Killed a cyclops
  9767 | D:11     | Killed a centaur warrior
  9811 | D:11     | Noticed a centaur warrior
  9840 | D:11     | Killed a centaur warrior
 10031 | D:11     | Found a basalt altar of Yredelemnul.
 10038 | D:11     | Identified the +3 scale mail of Light {SInv} (Okawaru
                  | gifted it to you on level 11 of the Dungeon)
 10038 | D:11     | Received a gift from Okawaru
 10044 | D:11     | Reached skill level 14 in Maces & Flails
 10154 | D:11     | Reached XP level 12. HP: 64/77 MP: 16/18
 11050 | D:12     | Found a transporter.
 11050 | D:12     | Found a transporter.
 11052 | D:12     | Noticed BraveToast's ghost (journeyman FoFi)
 11142 | D:12     | Noticed Snorg
 11181 | D:12     | Killed Snorg
 11486 | D:12     | Noticed a boulder beetle
 11486 | D:12     | Noticed a boulder beetle
 11490 | D:12     | Noticed a catoblepas
 11503 | D:12     | Noticed Maurice
 11506 | D:12     | HP: 2/77 [catoblepas (21)]
 11507 | D:12     | Slain by a manticore

Illustrated notes

Levels and vault maps discovered:
D:1:      minmay_arrival_diagonal_passages, layout_rooms,
          hellmonk_ecumenical_altar_lost_god, nicolae_shop_vocational
D:2:      layout_loops_ring, uniq_sigmund
D:3:      layout_loops_cross, uniq_natasha
D:4:      layout_rooms, gammafunk_ghost_abyssal_escape, minmay_manual_mess
D:5:      layout_basic, uniq_edmund
D:6:      layout_loops_ring, general_overflow_altar, minitemple,
          minmay_temple_entry_tees
D:7:      layout_cave_pools
D:8:      gammafunk_indiana_jones, layout_basic, uniq_grum
D:9:      layout_basic, orc_0_dummy, uniq_joseph
D:10:     layout_cave_pools, minmay_lair_entry_grove
D:11:     minmay_diamond_stairs, layout_small_grid,
          nicolae_yredelemnul_corpse_copse
D:12:     nzn_motion_control, layout_cross, gammafunk_ghost_hive,
          minmay_librarian, uniq_maurice, uniq_snorg
Temple:   nicolae_temple_bog_church

Skill      XL: |  1  2  3  4  5  6  7  8  9 10 11 12 |
---------------+-------------------------------------+-----
Shields        | 4 5 |  5.0
Dodging        | 1 |  1.0
Fighting       | 4 6 7 10 | 10.0
Maces & Flails | 3 4 5 6 9 12 14 | 14.9
Armour         | 4 5 |  5.0
Stealth        | 4 5 |  5.0
Invocations    | 2 8 9 |  9.8

Action                     |  1- 3 |  4- 6 |  7- 9 | 10-12 || total
---------------------------+-------+-------+-------+-------++-------
  Melee: Flail             |    61 |       |       |       ||    61
         Morningstar       |    90 |   168 |   509 |   257 ||  1024
         Eveningstar       |       |       |       |   269 ||   269
  Throw: Javelin           |       |       |     6 |     2 ||     8
    Use: Potion            |       |     1 |     3 |     2 ||     6
         Scroll            |       |       |    10 |     7 ||    17
   Stab: Sleeping          |       |       |     2 |     3 ||     5
         Distracted        |       |       |     1 |     3 ||     4
         Petrified         |       |       |       |     3 ||     3
 Armour: Scale mail        |   129 |    97 |       |       ||   226
         Quicksilver drago |       |    35 |   368 |   381 ||   784
  Dodge: Dodged            |   164 |    88 |   345 |   393 ||   990
  Block: Buckler           |    70 |    40 |   157 |   168 ||   435
